 Dungeon Crawl Stone Soup version 0.30-a0-924-g0ad0bf95bc (webtiles) character file.

Game seed: 6411841675730655181

387 cforsyth the Cudgeller (level 7, -4/53 HPs)
             Began as a Human Fighter on Mar 22, 2023.
             Was an Initiate of Okawaru.
             Slain by an orc
             ... wielding a +0 morningstar
              (5 damage)
             ... on level 4 of the Dungeon.
             The game lasted 00:03:30 (2927 turns).

cforsyth the Cudgeller (Human Fighter)              Turns: 2927, Time: 00:03:31

Health: -4/53      AC: 18    Str: 18    XL:     7   Next: 6%
Magic:  7/7        EV:  5    Int:  8    God:    Okawaru [......]
Gold:   185        SH:  5    Dex: 13    Spells: 6/6 levels left

rFire   . . .      SeeInvis .    w - +1 flail (protect)
rCold   . . .      Faith    .    c - +0 buckler
rNeg    . . .      Spirit   .    p - +0 plate armour
rPois   .          Reflect  .    (no helmet)
rElec   .          Rampage  .    (no cloak)
rCorr   .                        (no gloves)
Will    +....                    (no boots) Stlth
                                 (no amulet)
HPRegen 0.28/turn                f - +4 ring of slaying
MPRegen 0.10/turn                A - ring of willpower

@: lethally poisoned (-4 -> -24), under a protective aura, attractive
A: no striking features
a: Renounce Religion


You were on level 4 of the Dungeon.
You worshipped Okawaru.
Okawaru was noncommittal.
You visited 2 branches of the dungeon, and saw 5 of its levels.

You collected 185 gold pieces.

Inventory:

Hand Weapons
 a - a +0 flail
 v - a +2 vampiric whip
 w - a +1 flail of protection (weapon)
Missiles
 u - a throwing net (quivered)
Armour
 b - a +0 scale mail
 c - a +0 buckler (worn)
 p - a +0 plate armour (worn)
Jewellery
 f - a +4 ring of slaying (left hand)
 A - a ring of willpower (right hand)
Wands
 n - a wand of digging (6)
 y - a wand of flame (10)
Scrolls
 h - a scroll of enchant armour {unknown}
 j - 5 scrolls of identify {unknown}
 m - 2 scrolls of teleportation {unknown}
 q - 5 scrolls of amnesia {unknown}
 r - a scroll of fog {unknown}
 s - a scroll of immolation {unknown}
 t - 2 scrolls of magic mapping {unknown}
 x - a scroll of torment {unknown}
Potions
 d - a potion of might
 e - a potion of haste {unknown}
 g - 2 potions of curing {unknown}
 i - a potion of brilliance {unknown}
 k - a potion of berserk rage {unknown}
 l - 2 potions of attraction
 o - a potion of heal wounds {unknown}
 z - a potion of resistance {unknown}
 B - 2 potions of mutation {unknown}
 C - a potion of degeneration {unknown}


   Skills:
 - Level 3.8 Fighting
 + Level 5.6 Maces & Flails
 - Level 3.8 Armour
 - Level 3.8 Shields


You had 6 spell levels left.
You didn't know any spells.
Your spell library contained the following spells:

 Spells                   Type           Power      Damage    Failure   Level
 Sublimation of Blood     Necr           0%         N/A       100%        2
 Frozen Ramparts          Ice            0%         1d1       100%        3
 Ozocubu's Armour         Ice            0%         N/A       100%        3
 Petrify                  Tmut/Erth      0%         N/A       100%        4
 Freezing Cloud           Conj/Ice/Air   0%         6-21      100%        5
 Irradiate                Conj/Tmut      0%         3d11      100%        5


Dungeon Overview and Level Annotations

Branches:
Dungeon (4/15)             Temple (1/1) D:4

Altars:
Ashenzari
Cheibriados
Fedhas
Gozag
Kikubaaqudgha
Okawaru
Ru
Trog
Uskayaw
Vehumet
Wu Jian
Xom


Message History

You are too injured to fight recklessly!
You are too injured to fight recklessly!
Press: ? - help, v - describe, . - travel, g - get item
Here: an orc, wielding a +1 hand axe of venom
Items here: a +0 hand axe; a +0 leather armour.
The floor, spattered with blood.
Unknown command.
You hit the orc.
The orc is moderately wounded.
You feel very sick. The orc hits you but does no damage.
You are lethally poisoned!
The orc hits you but does no damage.
You hit the orc.
The orc is severely wounded.
* * * LOW HITPOINT WARNING * * *
You feel very sick. You block the orc's attack.
The orc hits you but does no damage.
You barely miss the orc.
The orc is severely wounded.
* * * LOW HITPOINT WARNING * * *
You feel very sick. The orc hits you but does no damage.
You are more poisoned.
The orc hits you with a +0 morningstar.
* * * LOW HITPOINT WARNING * * *
You closely miss the orc.
The orc is severely wounded.
* * * LOW HITPOINT WARNING * * *
You feel very sick. The orc closely misses you.
The orc hits you but does no damage.
Unknown command.
It was a potion of attraction.
You feel attractive to monsters.
* * * LOW HITPOINT WARNING * * *
You feel very sick. The orc hits you but does no damage.
You are more poisoned.
The orc hits you with a +0 morningstar.
You die...

#.....#######'##...........#§§
###+#..........#..⌠..>..⌠....§
#..........#......)......#
#..........#.###...###...#
#..............#.⌠.#.....#
#..........#...#...#.....#
#..........#.............#
#..........#...#.........#
#.......o@.#...#.........#
#...?...)o.##### .... #
#####....... ... ####
#......... ... #...
#........... #... #...........
#... #........... #...
#.....)..... #... #...


You could see 2 orcs.

Vanquished Creatures
  An ogre (D:4)
  A scorpion (D:4)
  An orc priest (D:4)
  7 gnolls
  5 adders
  3 worms (D:2)
  4 dart slugs
  5 orcs
  6 bats
  5 endoplasms
  3 giant cockroaches
  11 goblins
  8 hobgoblins
  3 jackals (D:4)
  2 quokkas
  7 ball pythons
  A frilled lizard (D:1)
  6 kobolds
  4 rats
83 creatures vanquished.

Notes
Turn   | Place    | Note
-------+----------+-------------------------------------------
     0 | D:1      | cforsyth the Human Fighter began the quest for the Orb.
     0 | D:1      | Reached XP level 1. HP: 18/18 MP: 1/1
    55 | D:1      | Reached XP level 2. HP: 24/24 MP: 2/2
   207 | D:1      | Reached XP level 3. HP: 26/29 MP: 3/3
   815 | D:2      | Reached XP level 4. HP: 34/35 MP: 4/4
  1277 | D:2      | Reached XP level 5. HP: 36/42 MP: 5/5
  1533 | D:3      | Reached skill level 3 in Maces & Flails
  1724 | D:3      | Got the Reference Book on Algor
  2235 | D:3      | Reached XP level 6. HP: 34/48 MP: 6/6
  2367 | D:4      | Found an ornate altar of the Wu Jian Council.
  2439 | D:4      | Found a staircase to the Ecumenical Temple.
  2455 | D:4      | Reached skill level 4 in Maces & Flails
  2503 | Temple   | Entered the Ecumenical Temple
  2676 | Temple   | Became a worshipper of Warmaster Okawaru
  2733 | D:4      | Noticed an ogre
  2740 | D:4      | Killed an ogre
  2741 | D:4      | Reached skill level 5 in Maces & Flails
  2923 | D:4      | Reached XP level 7. HP: 24/53 MP: 7/7
  2927 | D:4      | HP: 1/53 [poisoned by an orc]
  2927 | D:4      | Slain by an orc

Illustrated notes

Levels and vault maps discovered:
D:1:      minmay_arrival_floating_metal, layout_basic
D:2:      layout_loops_cross
D:3:      layout_loops_corners
D:4:      layout_gridville, grunt_temple_overflow_open,
          mainiacjoe_overflow_concentric_impassable,
          minmay_temple_entry_junction_2
Temple:   chequers_temple_sunken

Skill      XL: |  1  2  3  4  5  6 |
---------------+-------------------+-----
Maces & Flails | 3 5 |  5.6
Fighting       | |  3.8
Armour         | |  3.8
Shields        | |  3.8

Action                     |  1- 3 |  4- 6 |  7- 9 || total
---------------------------+-------+-------+-------++-------
  Melee: Flail             |    99 |   132 |     4 ||   235
         Whip              |       |     8 |       ||     8
  Evoke: Wand              |       |     4 |       ||     4
    Use: Potion            |       |       |     1 ||     1
 Armour: Scale mail        |    73 |       |       ||    73
         Plate armour      |       |   105 |     6 ||   111
  Dodge: Dodged            |    61 |    31 |     1 ||    93
  Block: Buckler           |    34 |    31 |     1 ||    66

Table legend: (Time is in decaauts)
 A = Elapsed time spent in this place.
 B = Non-inter-level travel time spent in this place.
 C = Inter-level travel time spent in this place.
 D = Time resting spent in this place.
 E = Time spent auto-exploring this place.
 F = Levels seen in this place.
 G = Mean time per level.
                   A        B        C        D        E       F      G
               +--------+--------+--------+--------+--------+-----+--------+
         Total |   3065 |   2982 |     83 |      0 |   2358 |   5 |  613.0 |
       Dungeon |   2816 |   2759 |     57 |      0 |   2149 |   4 |  704.0 |
        Temple |    248 |    222 |     26 |      0 |    209 |   1 |  248.0 |
               +--------+--------+--------+--------+--------+-----+--------+

Top non-repeatable levels by time:
     D:3: 880 daAuts
     D:1: 811 daAuts
     D:2: 732 daAuts
     D:4: 391 daAuts
  Temple: 248 daAuts
